 Dungeon Crawl Stone Soup version 0.25-a0-547-g27a0b5d1ef (webtiles) character file.

Game seed: 6967306541781099490, levelgen mode: deterministic

103742 MrRokkomies the Hand of Fortune (level 15, 0/110 HPs)
             Began as a Vampire Ice Elementalist on Feb 16, 2020.
             Was the Champion of Nemelex Xobeh.
             Slain by a redback (3 damage)
             ... on level 1 of the Spider Nest on Feb 22, 2020.
             The game lasted 02:15:54 (28477 turns).

MrRokkomies the Hand of Fortune (VpIE)             Turns: 28477, Time: 02:15:55

Health: 0/110      AC: 10    Str: 11    XL:     15   Next: 89%
Magic:  19/24      EV:  8    Int: 18    God:    Nemelex Xobeh [******]
Gold:   973        SH:  0    Dex: 17    Spells: 4/24 levels left

rFire    + . .     SeeInvis +   a - +4 great sword (elec)
rCold    . . .     Gourm    .   (shield currently unavailable)
rNeg     . . .     Faith    .   S - +4 ring mail of Sif Muna {+Fly rF+ rC- Regen+}
rPois    +         Spirit   .   (no helmet)
rElec    .         Reflect  +   A - +0 cloak
rCorr    .         Harm     .   (no gloves)
MR       +....                  (no boots)
Stlth    ++........             u - +6 amulet of reflection
HPRegen  0.88/turn              l - ring of protection from cold
MPRegen  0.19/turn              s - ring of poison resistance

@: very slightly contaminated, held, regenerating quickly
A: no food, fangs 3, see invisible, unbreathing
a: Exsanguinate, Draw Escape, Draw Destruction, Draw Summoning, Triple Draw,
Deal Four, Stack Five, Renounce Religion, Evoke Flight


You were on level 1 of the Spider Nest.
You worshipped Nemelex Xobeh.
Nemelex Xobeh was exalted by your worship.
You were alive.

You visited 4 branches of the dungeon, and saw 25 of its levels.
You also visited: Sewer and Bailey.

You collected 2330 gold pieces.
You spent 1357 gold pieces at shops.

Inventory:

Hand Weapons
 a - a +4 great sword of electrocution (weapon)
 b - the +9 longbow of Pathuzin {freeze, rC+ Dex+2}
   (You found it on level 7 of the Dungeon)

   It causes projectiles fired from it to freeze those they strike, causing
   extra injury to most foes and up to half again as much damage against
   particularly susceptible opponents.
   They can also slow down cold-blooded creatures.
   It affects your dexterity (+2).
   It protects you from cold.
 q - the +6 hand axe of Neurosis {pain, rF++ MR+}
   (You found it on level 4 of the Dungeon)

   In the hands of one skilled in necromantic magic, it inflicts extra damage on
   living creatures.
   It greatly protects you from fire.
   It affects your resistance to hostile enchantments.
 Q - the +5 demon whip "Spellbinder" {antimagic, MR+}
   (You found it on level 5 of the Lair of Beasts)

   It reduces the magical energy of the wielder, and disrupts the spells and
   magical abilities of those hit.
   Natural abilities and divine invocations are not affected.
   It affects your resistance to hostile enchantments.
Missiles
 k - 678 arrows
 D - 3 throwing nets (quivered)
 Z - 19 curare-tipped darts
Armour
 f - the +2 leather armour of Anopt {rN++ Dex+3}
   (You bought it in a shop on level 2 of the Orcish Mines)

   It affects your dexterity (+3).
   It greatly protects you from negative energy.
   If you switch to wearing this armour, your AC will decrease by 4 (10 -> 6).
 A - a +0 cloak (worn)
 S - the +4 ring mail of Sif Muna (worn) {+Fly rF+ rC- Regen+}
   (You found it on level 12 of the Dungeon)

   It protects you from fire.
   It makes you vulnerable to cold.
   It lets you fly.
   It increases your rate of regeneration.
   If you remove this armour, your AC will decrease by 9 (10 -> 1).
Jewellery
 l - a ring of protection from cold (left hand)
 s - a ring of poison resistance (right hand)
 u - a +6 amulet of reflection (around neck)
 N - an uncursed ring of protection from fire
Wands
 w - a wand of iceblast (52)
 x - a wand of flame (20)
 B - a wand of disintegration (17)
 L - a wand of acid (29)
 M - a wand of scattershot (2)
 P - a wand of digging (6)
 R - a wand of enslavement (12)
 T - a wand of paralysis (22)
Scrolls
 h - 13 scrolls of remove curse
 o - 3 scrolls of enchant armour
 v - 8 scrolls of teleportation
 F - a scroll of fog
 J - 7 scrolls of identify
 U - a scroll of fear
 W - 3 scrolls of immolation
Potions
 c - a potion of resistance
 d - 4 potions of might
 e - 2 potions of stabbing
 g - 5 potions of curing
 j - 2 potions of flight
 n - a potion of invisibility
 p - 4 potions of haste
 y - 2 potions of heal wounds
 z - 2 potions of berserk rage
 C - 2 potions of cancellation
 I - a potion of lignification
 K - 2 potions of magic
 O - 5 potions of brilliance
 V - a potion of mutation
 X - a potion of ambrosia
Miscellaneous
 t - a phial of floods


   Skills:
 - Level 8.0 Fighting
 * Level 10.7 Long Blades
 * Level 9.6 Bows
 - Level 9.4 Dodging
 - Level 5.0 Stealth
 - Level 5.0 Spellcasting
 - Level 5.0 Conjurations
 - Level 5.1 Summonings
 + Level 2.5 Translocations
 - Level 12.0 Ice Magic
 + Level 5.4 Air Magic
 - Level 12.7 Invocations


You had 4 spell levels left.
You knew the following spells:

 Your Spells              Type           Power        Failure   Level  Hunger
a - Freeze                Ice            ####         1%          1    N/A
b - Frozen Ramparts       Ice            #####.       1%          3    N/A
c - Blink                 Tloc           N/A          17%         2    N/A
d - Summon Ice Beast      Ice/Summ       #####...     10%         4    N/A
e - Hailstorm             Conj/Ice       #####...     10%         4    N/A
f - Freezing Cloud        Conj/Ice/Air   ####......   92%         6    N/A

Your spell library contained the following spells:

 Spells                   Type           Power        Failure   Level  Hunger
 Shock                    Conj/Air       ###.         3%          1    N/A
 Magic Dart               Conj           ###.         4%          1    N/A
 Call Imp                 Summ           ###.....     6%          2    N/A
 Ozocubu's Armour         Chrm/Ice       ####....     9%          3    N/A
 Static Discharge         Conj/Air       ###.....     12%         3    N/A
 Poisonous Vapours        Pois/Air       ##....       16%         2    N/A
 Swiftness                Chrm/Air       ##......     16%         2    N/A
 Mephitic Cloud           Conj/Pois/Air  ###.....     24%         3    N/A
 Ice Form                 Ice/Tmut       ####....     26%         4    N/A
 Shroud of Golubria       Chrm/Tloc      #.....       28%         2    N/A
 Beastly Appendage        Tmut           #.....       32%         1    N/A
 Infusion                 Chrm           #...         32%         1    N/A
 Sandblast                Erth           #.....       32%         1    N/A
 Sting                    Tmut/Pois      #...         32%         1    N/A
 Conjure Flame            Conj/Fire      ##......     34%         3    N/A
 Gell's Gravitas          Tloc           ##........   34%         3    N/A
 Stone Arrow              Conj/Erth      ##....       34%         3    N/A
 Airstrike                Air            ###.......   34%         4    N/A
 Slow                     Hex            #.......     43%         2    N/A
 Song of Slaying          Chrm           #.......     43%         2    N/A
 Sticks to Snakes         Tmut           #.......     43%         2    N/A
 Confusing Touch          Hex            #.......     67%         3    N/A
 Spectral Weapon          Hex/Chrm       #.......     67%         3    N/A
 Spider Form              Tmut/Pois      #.........   67%         3    N/A
 Cause Fear               Hex            #.........   97%         4    N/A
 Olgreb's Toxic Radiance  Pois           #.......     97%         4    N/A
 Petrify                  Tmut/Erth      #.......     97%         4    N/A
 Metabolic Englaciation   Hex/Ice        ####......   58%         5    N/A
 Lightning Bolt           Conj/Air       ###.......   71%         5    N/A
 Silence                  Hex/Air        ##........   96%         5    N/A
 Iskenderun's Battlesphe  Conj/Chrm      ##......     97%         5    N/A
 Bolt of Magma            Conj/Fire/Erth ##........   99%         5    N/A
 Blade Hands              Tmut           #.........   100%        5    N/A
 Yara's Violent Unravell  Hex/Tmut       #.........   100%        5    N/A
 Deflect Missiles         Chrm/Air       ##........   100%        6    N/A
 Eringya's Noxious Bog    Tmut/Pois      #.........   100%        6    N/A
 Iron Shot                Conj/Erth      ##........   100%        6    N/A
 Statue Form              Tmut/Erth      #........    100%        6    N/A
 Orb of Destruction       Conj           ###.......   100%        7    N/A
 Ring of Flames           Chrm/Fire      #.........   100%        7    N/A
 Spellforged Servitor     Conj/Summ      ###.......   100%        7    N/A
 Discord                  Hex            #.........   100%        8    N/A
 Ignition                 Fire           #.........   100%        8    N/A
 Shatter                  Erth           #.........   100%        9    N/A
 Tornado                  Air            ###.......   100%        9    N/A

Dungeon Overview and Level Annotations

Branches:
Dungeon (15/15)            Temple (0/1) D:6            Lair (6/6) D:11
 Shoals (0/4) Lair:2       Spider (2/4) Lair:4        Slime (0/5) Lair:6
    Orc (2/2) D:12            Elf (0/3) Orc:2        Vaults (0/5) D:13
 Depths (0/5) D:15          Sewer (visited)          Bailey (visited)

Altars:
Cheibriados
Dithmenos
Elyvilon
Gozag
Kikubaaqudgha
Makhleb
Nemelex Xobeh
Okawaru
Ru
Trog
Vehumet
Xom
Zin
The Shining One
Beogh
Jiyva

Shops:
D:9 }   Orc:1 [   Orc:2 [*:(

Annotations:
Lair:1 2 runed translucent doors, BeastOfSaturn's ghost, journeyman DsVM
Lair:2 3 runed translucent doors, Biesutadghu's ghost, journeyman GrWz; Fov Ajof's ghost, journeyman HuAr; Neppajuco's ghost, journeyman CeAK; Solig's ghost, journeyman HuMo
Lair:3 exclusion: oklob plant


Innate Abilities, Weirdness & Mutations

You do not eat.
Your natural rate of healing is unusually fast.
You have razor-sharp teeth.
You have supernaturally acute eyesight. (SInv)
You can survive without breathing.


Message History

You blink.
You feel sick.
The jumping spider leaps!
You feel sick.
You feel sick. The jumping spider pounces on you!
* * * LOW HITPOINT WARNING * * *
The jumping spider barely misses you. The jumping spider pounces on you.
* * * LOW HITPOINT WARNING * * *
You are caught in a web!
The jumping spider bites you.
* * * LOW HITPOINT WARNING * * *
The redback bites you.
* * * LOW HITPOINT WARNING * * *
You are lethally poisoned!
The redback poisons you!
There is a web, spattered with blood here.
You see here 10 poisoned darts.
You feel better. The jumping spider pounces on you!
* * * LOW HITPOINT WARNING * * *
The jumping spider bites you but does no damage.
The redback bites you.
You die...
Your body glows with a rainbow of weird colours and disappears.

##.# ### # #### ### ##
##[.## #####.## #. ##...ยง#
##.#....#####
###....########.........#.#
##.#..#..##.#.#.....#......^
#.....#..ss@....#...####...#
#...###...s.....##### ##...#
##..# #..#.#.#### ##...##
##..########### #...###
##.......# #..### #........#
##...## ##...#..## ##....#.
#####.^# #......) #..###
###..##..


You could see an emperor scorpion, a jumping spider and a redback.

Vanquished Creatures
  Roxanne (Spider:1)
  An orc warlord (Orc:2)
  An entropy weaver (Spider:2)
  Nessos (Orc:2)
  A dire elephant (Lair:6)
  An ettin (Orc:2)
  An ogre mage (D:15)
  5 vault guards (D:13)
  6 hydras
  A catoblepas (Lair:5)
  Erica (Orc:2)
  An anaconda (Lair:6)
  3 centaur warriors
  An anaconda (shapeshifter) (D:14)
  A death knight (D:12)
  6 two-headed ogres
  Urug (Lair:4)
  A tengu warrior (D:14)
  Sonja (D:13)
  2 skeletal warriors (D:15)
  Nergalle (Orc:2)
  A deep elf archer (D:13)
  Pikel (D:8)
  2 wizards
  3 orb spiders
  An orc knight (Orc:2)
  A wolf spider zombie (D:13)
  A harpy (shapeshifter) (D:14)
  7 wolf spiders
  An orc sorcerer (D:15)
  2 ugly things
  3 deep elf magi
  4 cyclopes
  3 manticores
  6 elephants
  A naga mage (D:15)
  4 black mambas
  A centaur zombie (D:15)
  Maggie (D:8)
  7 spiny frogs
  Joseph (D:7)
  A gargoyle (D:14)
  An efreet (D:15)
  2 yaktaurs
  3 demonic crawlers (Spider:1)
  A rime drake (Lair:6)
  9 komodo dragons
  A queen bee (D:14)
  3 meliai (D:14)
  A tengu conjurer (D:13)
  7 jumping spiders
  2 hornets
  9 trolls
  A polar bear (Lair:5)
  3 slime creatures (D:15)
  5 dream sheep
  12 blink frogs
  11 hippogriffs
  A shadow (D:15)
  23 redbacks
  7 tarantellas
  A spriggan (D:10)
  Sigmund (D:4)
  A centaur simulacrum (D:14)
  2 basilisks
  4 wraiths
  A wyvern (D:10)
  A human (D:13)
  52 yaks
  A vampire (D:9)
  Eustachio (D:4)
  A hungry ghost (D:10)
  Menkaure (D:4)
  3 vampire mosquitoes (D:15)
  Edmund (D:4)
  2 wargs (Orc:2)
  An acid dragon (D:15)
  A soldier ant (D:14)
  8 water moccasins
  8 porcupines
  23 orc warriors
  2 ice beasts
  2 slaves (D:8)
  2 black bears
  4 phantoms
  3 necrophages
  A sky beast (D:9)
  5 wolves (Lair:6)
  9 ogres
  A boggart (D:15)
  16 centaurs
  10 crocodiles
  3 big kobolds
  14 bullfrogs
  6 scorpions
  24 killer bees
  4 wights (D:8)
  10 crimson imps
  2 hounds (D:6)
  7 jellies
  31 orc wizards
  A quasit (D:6)
  4 human zombies (D:8)
  19 orc priests
  A bullfrog skeleton (D:4)
  2 human skeletons (D:8)
  A centaur skeleton (D:10)
  13 worker ants
  Crazy Yiuf (D:5)
  9 iguanas
  3 mummies (D:8)
  15 adders
  9 gnolls
  4 shadow imps
  8 oozes
  3 worms
  2 dart slugs (D:1)
  14 leopard geckos
  68 orcs
  9 bats
  17 giant cockroaches
  10 goblins
  4 hobgoblins
  13 jackals
  2 quokkas
  10 ball pythons
  18 frilled lizards
  33 kobolds
  16 rats
  A fungus (D:5)
  6 plants
778 creatures vanquished.

Vanquished Creatures (collateral kills)
  Jorgrun (D:13)
  Rupert (D:13)
  3 dire elephants (Lair:6)
  Snorg (D:11)
  A hydra (D:13)
  2 two-headed ogres
  An orc high priest (Orc:2)
  2 skeletal warriors (D:15)
  2 orc knights (D:12)
  3 ugly things
  An orc sorcerer (Orc:2)
  2 oklob plants (Lair:3)
  A manticore (D:14)
  An elephant (Lair:4)
  A cyclops (D:11)
  A black mamba (Lair:2)
  3 spiny frogs
  2 rime drakes
  2 komodo dragons
  A troll (D:15)
  2 blink frogs (Lair:5)
  6 dream sheep (Lair:6)
  A hippogriff (Lair:4)
  A snapping turtle (Lair:2)
  A tarantella (Lair:4)
  A basilisk (Lair:4)
  4 yaks
  2 orc warriors (Orc:2)
  2 centaurs (D:11)
  2 crocodiles
  An orc priest (Orc:2)
  An orc (Orc:2)
56 creatures vanquished.

Vanquished Creatures (others)
  An orc sorcerer (Orc:1)
  2 yaks
  A swamp drake (D:12)
  2 ogres
  2 centaurs
  2 kobolds
  5 fungi
  4 plants
19 creatures vanquished.

Grand Total: 853 creatures vanquished

Notes
Turn   | Place    | Note
-------+----------+-------------------------------------------
     0 | D:1      | MrRokkomies the Vampire Ice Elementalist began the quest
                  | for the Orb.
     0 | D:1      | Reached XP level 1. HP: 13/13 MP: 3/3
   133 | D:1      | Reached XP level 2. HP: 9/19 MP: 0/5
   567 | D:1      | Reached XP level 3. HP: 24/24 MP: 6/6
   627 | D:1      | Learned a level 3 spell: Frozen Ramparts
  1024 | D:2      | Found a shimmering altar of Xom.
  1134 | D:2      | Reached XP level 4. HP: 30/30 MP: 7/7
  1148 | D:2      | Reached skill level 5 in Ice Magic
  1382 | D:2      | Found a sparkling altar of Nemelex Xobeh.
  1420 | D:2      | Became a worshipper of Nemelex Xobeh the Trickster
  1498 | D:2      | Received a gift from Nemelex Xobeh
  1953 | D:3      | Found a snail-covered altar of Cheibriados.
  2122 | D:3      | Found a burning altar of Makhleb.
  2160 | D:3      | Reached * piety under Nemelex Xobeh
  2160 | D:3      | Found a faded altar of an unknown god.
  2282 | D:3      | HP: 1/30 [worker ant (5)]
  2286 | D:3      | Reached skill level 1 in Invocations
  2286 | D:3      | Reached XP level 5. HP: 17/35 MP: 2/8
  2373 | D:4      | Noticed an ogre
  2389 | D:3      | Killed an ogre
  2389 | D:3      | Reached skill level 5 in Stealth
  2408 | D:3      | Reached XP level 6. HP: 15/41 MP: 5/9
  2828 | D:4      | Noticed Sigmund
  2837 | D:4      | Killed Sigmund
  2837 | D:4      | Reached skill level 1 in Fighting
  2837 | D:4      | Reached XP level 7. HP: 29/48 MP: 6/10
  2851 | D:4      | Noticed Edmund
  2879 | D:4      | Killed Edmund
  3013 | D:4      | Got a scorched hand axe
  3014 | D:4      | Identified the +6 hand axe of Neurosis {pain, rF++ MR+}
                  | (You found it on level 4 of the Dungeon)
  3081 | D:4      | Got a polished leather armour
  3092 | D:4      | Identified the +1 leather armour "Henacs" {Int+3} (You
                  | found it on level 4 of the Dungeon)
  3137 | D:4      | Noticed Eustachio
  3163 | D:4      | Killed Eustachio
  3180 | D:4      | Found an opulent altar of Gozag.
  3357 | D:4      | Reached XP level 8. HP: 40/56 MP: 7/11
  3362 | D:4      | Learned a level 3 spell: Ozocubu's Armour
  3367 | D:4      | Learned a level 4 spell: Summon Ice Beast
  3468 | D:5      | Entered Level 5 of the Dungeon
  3468 | D:5      | Noticed Menkaure
  3476 | D:4      | Killed Menkaure
  3500 | D:5      | Reached skill level 5 in Dodging
  3613 | D:5      | Received a gift from Nemelex Xobeh
  3725 | D:5      | Reached skill level 5 in Invocations
  3734 | D:5      | Reached ** piety under Nemelex Xobeh
  3734 | D:5      | Found a radiant altar of Vehumet.
  3855 | D:5      | Found a glowing silver altar of Zin.
  4038 | D:5      | Found a glowing drain.
  4047 | Sewer    | Entered a sewer
  4336 | Sewer    | Reached XP level 9. HP: 64/64 MP: 6/13
  4508 | D:5      | Found a runed translucent door.
  4509 | D:5      | Noticed Crazy Yiuf
  4515 | D:5      | Killed Crazy Yiuf
  4636 | D:6      | Reached skill level 1 in Summonings
  4654 | D:6      | Found a white marble altar of Elyvilon.
  4678 | D:6      | Received a gift from Nemelex Xobeh
  4952 | D:6      | Found a staircase to the Ecumenical Temple.
  5965 | D:7      | Noticed Joseph
  6038 | D:7      | Got a steaming longbow
  6066 | D:7      | Identified the +9 longbow of Pathuzin {freeze, rC+ Dex+2}
                  | (You found it on level 7 of the Dungeon)
  6108 | D:7      | Killed Joseph
  6206 | D:7      | Reached XP level 10. HP: 46/73 MP: 10/15
  6312 | D:7      | Found a sacrificial altar of Ru.
  6383 | D:7      | Found an iron altar of Okawaru.
  6384 | D:7      | Found a bloodstained altar of Trog.
  6456 | D:7      | Reached *** piety under Nemelex Xobeh
  6469 | D:7      | You fall into a shaft and drop 2 floors!
  6591 | D:9      | Found Far Akhy's Gadget Shop.
  6601 | D:9      | Received a gift from Nemelex Xobeh
  6615 | D:9      | Noticed a two-headed ogre
  6620 | D:9      | Killed a two-headed ogre
  6620 | D:9      | Reached skill level 5 in Fighting
  6694 | D:9      | Found a viscous altar of Jiyva.
  6765 | D:9      | Reached skill level 10 in Ice Magic
  7021 | D:8      | Noticed Pikel
  7034 | D:8      | Killed Pikel
  7134 | D:8      | Received a gift from Nemelex Xobeh
  7151 | D:8      | Found a shadowy altar of Dithmenos.
  7787 | D:8      | Found an ancient bone altar of Kikubaaqudgha.
  7798 | D:8      | Reached skill level 5 in Summonings
  7894 | D:8      | Noticed Maggie
  7911 | D:8      | Killed Maggie
  7917 | D:8      | Received a gift from Nemelex Xobeh
  7929 | D:8      | Reached **** piety under Nemelex Xobeh
  8348 | D:10     | Entered Level 10 of the Dungeon
  8368 | D:10     | Reached XP level 11. HP: 60/81 MP: 16/16
  8462 | D:10     | Received a gift from Nemelex Xobeh
  8737 | D:10     | You fall into a shaft and drop 3 floors!
  8737 | D:13     | Found a gate to the Vaults.
  8738 | D:13     | Noticed a vault guard
  8738 | D:13     | Noticed a vault guard
  8910 | D:13     | Noticed a centaur warrior
  8926 | D:13     | Killed a centaur warrior
  8979 | D:13     | Received a gift from Nemelex Xobeh
  9208 | D:12     | Noticed a death knight
  9232 | D:12     | Killed a death knight
  9285 | D:12     | Noticed a two-headed ogre
  9290 | D:12     | Noticed a two-headed ogre
  9293 | D:12     | Killed a two-headed ogre
  9304 | D:12     | Killed a two-headed ogre
  9343 | D:12     | Noticed a purple ugly thing
  9348 | D:12     | Found a flagged portal.
  9348 | D:12     | Noticed a red ugly thing
  9359 | D:12     | Killed a red ugly thing
  9384 | Bailey   | Entered a bailey
  9438 | Bailey   | Learned a level 4 spell: Hailstorm
  9548 | Bailey   | Found a burning altar of Makhleb.
  9584 | Bailey   | Upgraded the game from 0.25-a0-513-ge77a69270c to
                  | 0.25-a0-516-g7d600cd9ad
  9679 | D:11     | Noticed Snorg
  9698 | D:11     | Killed Snorg
  9852 | D:11     | Found a staircase to the Lair.
  9870 | D:11     | Received a gift from Nemelex Xobeh
  9922 | D:11     | Reached skill level 1 in Conjurations
  9939 | D:11     | Reached ***** piety under Nemelex Xobeh
  9960 | D:11     | Reached XP level 12. HP: 72/91 MP: 7/19
 11077 | D:10     | Received a gift from Nemelex Xobeh
 11186 | D:10     | Reached skill level 10 in Invocations
 11480 | D:10     | Noticed a two-headed ogre
 11490 | D:10     | Killed a two-headed ogre
 11858 | D:12     | Reached skill level 5 in Spellcasting
 12084 | D:12     | Found a staircase to the Orcish Mines.
 12312 | D:12     | Got a translucent ring mail
 12323 | D:12     | Identified the +4 ring mail of Sif Muna {+Fly rF+ rC-
                  | Regen+} (You found it on level 12 of the Dungeon)
 12636 | Lair:1   | Entered Level 1 of the Lair of Beasts
 12679 | Lair:1   | Found a large runed translucent door.
 12680 | Lair:1   | Found a large runed translucent door.
 12682 | Lair:1   | Noticed BeastOfSaturn's ghost (journeyman DsVM)
 12832 | Lair:1   | Received a gift from Nemelex Xobeh
 13439 | Lair:1   | Upgraded the game from 0.25-a0-516-g7d600cd9ad to
                  | 0.25-a0-528-g6b7c99946c
 13467 | Lair:2   | Received a gift from Nemelex Xobeh
 13475 | Lair:2   | Got an iridescent arbalest
 13476 | Lair:2   | Identified the +6 arbalest "Vetiu" {venom, rPois Str-5
                  | Int+4} (You found it on level 2 of the Lair of Beasts)
 13639 | Lair:2   | Found a staircase to the Shoals.
 13867 | Lair:2   | Found a runed translucent gate.
 13867 | Lair:2   | Found a runed translucent gate.
 13867 | Lair:2   | Found a runed translucent gate.
 13867 | Lair:2   | Noticed Biesutadghu's ghost (journeyman GrWz)
 13868 | Lair:2   | Noticed Fov Ajof's ghost (journeyman HuAr)
 13868 | Lair:2   | Noticed Biesutadghu's ghost (journeyman GrWz)
 13868 | Lair:2   | Noticed Solig's ghost (journeyman HuMo)
 13868 | Lair:2   | Noticed Neppajuco's ghost (journeyman CeAK)
 13901 | Lair:2   | Received a gift from Nemelex Xobeh
 14451 | Lair:3   | Reached ****** piety under Nemelex Xobeh
 14515 | Lair:3   | Found a glowing golden altar of the Shining One.
 14671 | Lair:3   | Upgraded the game from 0.25-a0-528-g6b7c99946c to
                  | 0.25-a0-544-gee0576305d
 14904 | Lair:3   | Received a gift from Nemelex Xobeh
 14943 | Lair:3   | Reached XP level 13. HP: 36/98 MP: 8/21
 15487 | Lair:4   | Reached skill level 5 in Conjurations
 15604 | Lair:4   | Reached skill level 1 in Bows
 16061 | Lair:4   | Identified Sif Muna's Disquisition on Envenoming
 16080 | Lair:4   | Found a hole to the Spider Nest.
 16289 | Lair:4   | Received a gift from Nemelex Xobeh
 16301 | Lair:4   | Noticed Urug
 16310 | Lair:4   | Killed Urug
 16917 | Lair:5   | Reached skill level 1 in Long Blades
 17711 | Lair:5   | Received a gift from Nemelex Xobeh
 17712 | Lair:5   | Found the +5 demon whip "Spellbinder" {antimagic, MR+}
 18076 | Lair:6   | Entered Level 6 of the Lair of Beasts
 18395 | Lair:6   | Found a staircase to the Slime Pits.
 18490 | Lair:6   | Received a gift from Nemelex Xobeh
 18513 | Lair:6   | Reached skill level 5 in Bows
 18627 | Lair:6   | Reached skill level 5 in Long Blades
 18862 | Lair:5   | Reached XP level 14. HP: 69/105 MP: 2/22
 19592 | Lair:6   | Received a gift from Nemelex Xobeh
 20375 | Orc:1    | Entered Level 1 of the Orcish Mines
 20449 | Orc:2    | Entered Level 2 of the Orcish Mines
 20449 | Orc:2    | Noticed Nessos
 20451 | Orc:2    | Killed Nessos
 20485 | Orc:2    | Noticed an orc warlord
 20522 | Orc:2    | Killed an orc warlord
 20773 | Orc:2    | HP: 5/105 [orc knight/+3 war axe (21)]
 21017 | Orc:2    | Found a staircase to the Elven Halls.
 21528 | Orc:2    | Noticed Nergalle
 21536 | Orc:2    | Killed Nergalle
 21680 | Orc:2    | Found a roughly hewn altar of Beogh.
 21689 | Orc:2    | Found Wovui's Book Boutique.
 21784 | Orc:2    | Found Bopsiv's Antique Armour Boutique.
 21792 | Orc:2    | Found Jomiumep's General Store.
 21796 | Orc:2    | Found Turiss's Antique Weapon Boutique.
 21864 | Orc:2    | Bought a translucent leather armour for 252 gold pieces
 21874 | Orc:2    | Identified the +2 leather armour of Anopt {rN++ Dex+3} (You
                  | bought it in a shop on level 2 of the Orcish Mines)
 21912 | Orc:2    | Bought a book of Minor Magic for 340 gold pieces
 21912 | Orc:2    | Bought Sif Muna's Handbook of Changing and Feathers for 765
                  | gold pieces
 21919 | Orc:2    | Learned a level 6 spell: Freezing Cloud
 22403 | Orc:1    | Noticed Erica
 22495 | Orc:2    | Killed Erica
 22495 | Orc:2    | Reached skill level 1 in Air Magic
 22730 | Orc:1    | Received a gift from Nemelex Xobeh
 22735 | Orc:1    | Found Iluphaij's Antique Armour Boutique.
 22868 | D:13     | Noticed Sonja
 23015 | D:13     | Killed Sonja
 23779 | D:13     | Upgraded the game from 0.25-a0-544-gee0576305d to
                  | 0.25-a0-545-ge4db218afc
 23972 | D:13     | Noticed Jorgrun
 23984 | D:13     | Killed Jorgrun
 24032 | D:13     | Noticed Rupert
 24090 | D:13     | HP: 4/105 [Rupert/+2 great mace of draining (7)]
 24093 | D:13     | Killed Rupert
 24367 | D:13     | Reached XP level 15. HP: 87/110 MP: 24/24
 24711 | D:14     | Received a gift from Nemelex Xobeh
 25536 | D:15     | Entered Level 15 of the Dungeon
 25539 | D:15     | Received a gift from Nemelex Xobeh
 26180 | D:15     | Upgraded the game from 0.25-a0-545-ge4db218afc to
                  | 0.25-a0-547-g27a0b5d1ef
 26339 | D:15     | Received a gift from Nemelex Xobeh
 26344 | D:15     | Learned a level 2 spell: Blink
 26448 | D:15     | Paralysed by an orc sorcerer for 7 turns
 26474 | D:15     | Found a staircase to the Depths.
 26483 | D:15     | Reached skill level 1 in Translocations
 26726 | Spider:1 | Entered Level 1 of the Spider Nest
 26728 | Spider:1 | Reached skill level 10 in Long Blades
 27349 | Spider:1 | Reached skill level 5 in Air Magic
 27520 | Spider:1 | Identified Roxanne's Almanac of Earth
 27520 | Spider:1 | Noticed Roxanne
 27626 | Spider:1 | Killed Roxanne
 28431 | Spider:2 | Received a gift from Nemelex Xobeh
 28477 | Spider:1 | HP: 3/110 [jumping spider (12)]
 28477 | Spider:1 | Slain by a redback

Levels and vault maps discovered:
D:1:      lemuel_arrival_cross, layout_basic, chequers_hall_statues_wall_a,
          serial_bayou_lagoon_a
D:2:      layout_loops_cross, marbit_many_paths, lemuel_crystal_altar,
          first_ration
D:3:      layout_loops_cross, lemuel_crystal_altar, lemuel_crystal_altar,
          chequers_ecumenical_altar_lobes
D:4:      layout_basic, grunt_gozag_breadcrumbs, sigmund_edmund_badplayer,
          uniq_eustachio
D:5:      layout_cave_pools, vehumet_altar_wand_db, zin_academy,
          cheibrodos_sewer_entry_bend, uniq_crazy_yiuf_cottage, uniq_edmund,
          uniq_menkaure
D:6:      layout_loops_ring, lemuel_crystal_altar, lemuel_temple_firewalk_a,
          chequers_hall_statues_y, lexackson_kobold_supper
D:7:      layout_basic, grunt_temple_overflow_bloody_war,
          nicolae_ru_great_annihilating_truth,
          gammafunk_ghost_wrathful_warriors, uniq_joseph
D:8:      layout_loops_corners, lemuel_mausoleum_altar_kikubaaqudgha,
          old_standard_altar, uniq_pikel, uniq_maggie
D:9:      layout_irregular_city, serial_shops, shop, jiyva_altar_1
D:10:     layout_loops_ring, the_bakery
D:11:     layout_stronghold, dpeg_oklobed_lair, uniq_snorg
D:12:     layout_basic, erik_orc_1, enter_bailey_2
D:13:     layout_roguey, grunt_vaults_entry_fortified, uniq_jorgrun, uniq_sonja,
          uniq_rupert
D:14:     layout_basic, special_room [special_room_bee]
D:15:     grunt_enter_depths_magical_seal, layout_stronghold,
          chequers_serial_rivers_marsh, serial_glass, glass_columns_c,
          glass_columns_a, glass_columns_c, glass_columns_a
Lair:1:   layout_small_grid, ebering_ghost_disaster_area,
          hangedman_lair_unloving_vines
Lair:2:   layout_chaotic_city, minmay_shoals_entry_hut, gammafunk_ghost_cemetery
Lair:3:   layout_cave_shapes, lemuel_oklob_altar, lemuel_fruit_tree,
          minmay_lair_oklob_chamber, infiniplex_staircase_pool
Lair:4:   layout_regular_city, spider_nest_entry_rubble, uniq_urug
Lair:5:   layout_roguey
Lair:6:   due_jungle_book, layout_long_grid, slime_dummy
Spider:1: layout_spider_delve, uniq_roxanne
Spider:2: layout_spider_delve, guppyfry_hornet_nest
Orc:1:    layout_diamond_mine, serial_shops, nicolae_shop_behind_doors,
          uniq_erica
Orc:2:    grunt_orc_cross, layout_caves, uniq_nessos

Skill      XL: |  1  2  3  4  5  6  7  8  9 10 11 12 13 14 15 |
---------------+----------------------------------------------+-----
Stealth        | 4 5 |  5.0
Dodging        | 3 4 5 6 7 8 9 |  9.4
Ice Magic      | 5 6 8 9 11 12 | 12.0
Invocations    | 1 3 4 5 7 9 11 12 | 12.7
Fighting       | 1 2 3 4 6 7 8 |  8.0
Summonings     | 3 5 |  5.1
Spellcasting   | 4 5 |  5.0
Conjurations   | 1 4 5 |  5.0
Bows           | 5 7 9 |  9.6
Long Blades    | 5 8 10 | 10.7
Air Magic      | 3 5 |  5.4
Translocations | 2 |  2.5

Action                   |  1- 3 |  4- 6 |  7- 9 | 10-12 | 13-15 || total
-------------------------+-------+-------+-------+-------+-------++-------
Melee: Dagger            |    36 |    76 |   492 |   738 |    67 ||  1409
       Unarmed           |     3 |       |       |       |       ||     3
       Short sword       |    72 |    13 |       |       |       ||    85
       Bite              |     9 |    10 |    62 |   130 |    94 ||   305
       Hand axe          |       |       |    39 |       |       ||    39
       Great sword       |       |       |       |       |   513 ||   513
 Fire: Longbow           |       |       |       |    20 |   537 ||   557
Throw: Stone             |       |     3 |     9 |       |       ||    12
       Dart              |       |     5 |     4 |     5 |       ||    14
       Throwing net      |       |       |       |     1 |       ||     1
 Cast: Freeze            |    19 |     1 |    11 |    18 |    29 ||    78
       Frozen Ramparts   |     1 |     8 |    26 |    41 |    57 ||   133
       Ozocubu's Armour  |       |       |     1 |     3 |       ||     4
       Summon Ice Beast  |       |       |       |    27 |    54 ||    81
       Hailstorm         |       |       |       |    23 |    22 ||    45
       Blink             |       |       |       |       |     3 ||     3
Invok: Deal Four         |       |       |       |       |     4 ||     4
       Triple Draw       |       |       |       |       |     2 ||     2
 Abil: Draw Destruction  |       |       |     1 |    17 |    25 ||    43
       Draw Escape       |       |       |     1 |     1 |     2 ||     4
       Draw Summoning    |       |       |       |     2 |    11 ||    13
Evoke: Wand              |       |       |       |     2 |     2 ||     4
       Phial of floods   |       |       |       |       |     1 ||     1
  Use: Scroll            |     4 |     4 |     6 |    16 |    15 ||    45
       Potion            |       |     1 |     1 |     4 |     6 ||    12
 Stab: Sleeping          |     5 |     4 |    18 |    28 |     6 ||    61
       Invisible         |       |       |       |     1 |       ||     1
       Paralysed         |       |       |       |     1 |       ||     1
       Distracted        |       |       |       |     2 |     3 ||     5
       Petrified         |       |       |       |       |     3 ||     3
Armor: Robe              |    31 |    14 |       |       |       ||    45
       Leather armour    |       |       |    82 |    63 |       ||   145
       Ring mail         |       |       |       |    55 |   270 ||   325
Dodge: Dodged            |   112 |    54 |   359 |   596 |   752 ||  1873
Block: Other             |       |       |   130 |   203 |   284 ||   617
       Reflection        |       |       |     1 |    12 |    10 ||    23
       Rpst.: Great sword |       |       |       |       |   111 ||   111

Table legend:
 A = Non-vault XP
 B = Vault XP
 C = Vault XP percentage of total XP
 D = Non-vault monster count
 E = Vault monster count
 F = Vault count percentage of total count
                 A         B        C        D         E       F
            +---------+---------+-------+---------+---------+-------
      Total |  104882 |   43322 |  29.2 |     612 |     221 |  26.5
            +---------+---------+-------+---------+---------+-------
        D:1 |      60 |       0 |   0.0 |      36 |       0 |   0.0
        D:2 |      78 |       1 |   1.3 |      24 |       1 |   4.0
        D:3 |     280 |       0 |   0.0 |      13 |       0 |   0.0
        D:4 |     474 |     755 |  61.4 |      18 |       4 |  18.2
        D:5 |     849 |      42 |   4.7 |      35 |       3 |   7.9
        D:6 |    1501 |     107 |   6.7 |      37 |       8 |  17.8
        D:7 |     691 |     448 |  39.3 |      20 |       6 |  23.1
        D:8 |    1247 |    1843 |  59.6 |      18 |      14 |  43.8
        D:9 |    1844 |     170 |   8.4 |      11 |       4 |  26.7
       D:10 |    4938 |     224 |   4.3 |      35 |       1 |   2.8
       D:11 |    2070 |     813 |  28.2 |      25 |       1 |   3.8
       D:12 |    5778 |    1649 |  22.2 |      20 |      19 |  48.7
       D:13 |    9792 |   11540 |  54.1 |      34 |      13 |  27.7
       D:14 |    7193 |    2476 |  25.6 |      28 |      24 |  46.2
       D:15 |    7935 |    6966 |  46.7 |      24 |       9 |  27.3
     Lair:1 |    1545 |       0 |   0.0 |       5 |       0 |   0.0
     Lair:2 |    4071 |     167 |   3.9 |      21 |       1 |   4.5
     Lair:3 |    2381 |     978 |  29.1 |      13 |       3 |  18.8
     Lair:4 |    7432 |     965 |  11.5 |      33 |       2 |   5.7
     Lair:5 |   11218 |       0 |   0.0 |      39 |       0 |   0.0
     Lair:6 |   13584 |    2748 |  16.8 |      44 |       5 |  10.2
   Spider:1 |   10762 |    2058 |  16.1 |      36 |       1 |   2.7
   Spider:2 |    5136 |       0 |   0.0 |      11 |       0 |   0.0
      Orc:1 |    1027 |     543 |  34.6 |      17 |       1 |   5.6
      Orc:2 |    2996 |    8027 |  72.8 |      15 |      34 |  69.4
      Sewer |       0 |     370 | 100.0 |       0 |      51 | 100.0
     Bailey |       0 |     432 | 100.0 |       0 |      16 | 100.0
            +---------+---------+-------+---------+---------+-------
